 Dungeon Crawl Stone Soup version 0.18-a0-1267-gff090c1 (webtiles) character file.

306 Stagor the Sneak (level 6, -10/48 HPs)
             Began as a Vampire Enchanter on Feb 6, 2016.
             Mangled by an ogre
             ... wielding a +0 giant spiked club
              (27 damage)
             ... on level 5 of the Dungeon.
             The game lasted 00:22:40 (3727 turns).

Stagor the Sneak (Vampire Enchanter)                Turns: 3727, Time: 00:22:40

Health: -10/48     AC: 12    Str:  9    XL:     6   Next: 16%
Magic:  9/9        EV:  9    Int: 17    God:
Gold:   117        SH:  0    Dex: 15    Spells: 2 memorised, 5 levels left

rFire  . . .     SeeInvis +     a - +1 dagger
rCold  + + .     Gourm    .     u - +0 scale mail
rNeg   + + +     Faith    .     (no shield)
rPois  +         Spirit   .     m - +0 helmet
rElec  .         Dismiss  .     (no cloak)
rCorr  .         Reflect  .     (no gloves)
SustAt .         Harm     .     (no boots)
MR     .....                    (no amulet)
Stlth  +++.......               (no ring)
                                h - +5 ring of protection

@: regenerating slowly, not resistant to hostile enchantments, fairly stealthy
A: fangs 3, see invisible, unbreathing
a: Bat Form


You were on level 5 of the Dungeon.
You were near bloodless.

You visited 1 branch of the dungeon, and saw 5 of its levels.

You collected 117 gold pieces.

Inventory:

Hand Weapons
 a - a +1 dagger (weapon)
 i - a +0 spear
Armour
 b - a +1 robe
 d - a +0 robe
 m - a +0 helmet (worn)
 u - a +0 scale mail (worn)
Jewellery
 h - a +5 ring of protection (left hand)
Scrolls
 e - 3 scrolls of identify {unknown}
 f - 2 scrolls of immolation {unknown}
 k - a scroll of random uselessness {unknown}
 n - a scroll of remove curse {unknown}
 o - 2 scrolls of enchant weapon {unknown}
 q - a scroll of magic mapping {unknown}
 s - a scroll of teleportation {unknown}
 t - a scroll of blinking {unknown}
 v - a scroll of recharging {unknown}
Potions
 g - a potion of resistance
 j - 3 potions of degeneration {unknown}
 l - a potion of ambrosia {unknown}
 p - a potion of lignification {unknown}
 r - a potion of cancellation {unknown}
 w - a potion of brilliance {unknown}
Books
 c - a book of Maledictions

   Spells                             Type                      Level
   a - Corona                         Hexes                        1
   b - Ensorcelled Hibernation        Hexes/Ice                    2
   c - Confuse                        Hexes                        3
   d - Tukima's Dance                 Hexes                        3
   e - Dazzling Spray                 Conjuration/Hexes            3


   Skills:
 * Level 3.7 Fighting
 - Level 1.1 Short Blades
 + Level 0.4 Armour
 - Level 3.0 Dodging
 + Level 7.5 Stealth
 - Level 2.0 Spellcasting
 - Level 4.4 Hexes


You had 5 spell levels left.
You knew the following spells:

 Your Spells              Type           Power        Failure   Level  Hunger
a - Corona                Hex            ###....      30%         1    #......
b - Tukima's Dance        Hex            ###.....     86%         3    ###....


Dungeon Overview and Level Annotations

Branches:
Dungeon (5/15)             Temple (0/1) D:4

Altars:
Ashenzari
Fedhas


Innate Abilities, Weirdness & Mutations

You heal slowly.
You have razor-sharp teeth.
You have supernaturally acute eyesight.
You can survive without breathing.


Message History

The ogre is moderately wounded.
The hound skeleton barely misses you.
You hit the ogre. You bite the ogre.
You draw the ogre's blood!
You feel better.
You feel slightly less thirsty.
The ogre is heavily wounded.
The ogre hits you with a giant spiked club.
The hound skeleton bites you but does no damage.
You hit the ogre.
The ogre is severely wounded.
The hound skeleton bites you but does no damage.
The ogre hits you with a giant spiked club.
You hit the ogre.
The ogre is severely wounded.
The hound skeleton closely misses you.
You hit the ogre but do no damage.
The ogre is severely wounded.
The hound skeleton misses you.
The ogre hits you with a giant spiked club!!
Ouch! That really hurt!
You die...

.. .. ... .. .#
#.# ... ..#.# ..
#.#.# .# .
##.#.#####.# ..(
#.......#..#..#
#.#..OZ...#....#
#.....@.....#
...........#<#
####.......#.##
##<........#
####.$.........
#...#....##.
#.#.#.##.#
#...... ...
#.#...## ##.


You could see an ogre and a hound skeleton.

Vanquished Creatures
  An ice beast (D:5)
  2 orc priests (D:3)
  A worker ant (D:4)
  5 adders
  3 oozes
  2 worms (D:2)
  A giant gecko (D:1)
  8 orcs
  5 bats
  A giant cockroach (D:1)
  6 goblins
  6 hobgoblins
  7 jackals
  2 quokkas
  A giant gecko skeleton (D:4)
  5 kobolds (D:1)
  9 rats
65 creatures vanquished.

Notes
Turn   | Place    | Note
--------------------------------------------------------------
     0 | D:1      | Stagor the Vampire Enchanter began the quest for the Orb.
     0 | D:1      | Reached XP level 1. HP: 13/13 MP: 3/3
   235 | D:1      | Reached skill level 1 in Fighting
   235 | D:1      | Reached XP level 2. HP: 4/21 MP: 5/5
   627 | D:1      | Reached skill level 5 in Stealth
   720 | D:1      | Reached XP level 3. HP: 13/26 MP: 6/6
   890 | D:1      | Found a shattered altar of Ashenzari.
  2007 | D:2      | Found a blossoming altar of Fedhas.
  2209 | D:2      | Reached XP level 4. HP: 28/33 MP: 7/7
  2278 | D:2      | Reached skill level 6 in Stealth
  2761 | D:3      | Learned a level 3 spell: Tukima's Dance
  2958 | D:3      | Reached XP level 5. HP: 40/40 MP: 8/8
  3443 | D:4      | Reached skill level 7 in Stealth
  3531 | D:4      | Found a staircase to the Ecumenical Temple.
  3599 | D:5      | Entered Level 5 of the Dungeon
  3599 | D:5      | Noticed an ogre
  3599 | D:5      | Noticed an ice beast
  3638 | D:5      | Killed an ice beast
  3638 | D:5      | Reached XP level 6. HP: 19/48 MP: 9/9
  3727 | D:5      | Mangled by an ogre

Vault maps used:
D:1:      erik_arrival_gehennom, ashenzari_altar_1
D:2:      fedhas_altar_4, lemuel_zombie_altar_kikubaaqudgha,
          minmay_close_crescents
D:3:      nemelex_diamond_rough_becter
D:4:      temple_pool_b, serial_bayou_pond_e, uniq_natasha
D:5:      first_bread, portal_sewer_entry_e, uniq_grinder

Action                   |  1- 3 |  4- 6 || total
-------------------------+-------+-------++-------
Melee: Dagger            |   156 |   161 ||   317
 Abil: End Transformatio |    10 |     5 ||    15
       Bat Form          |    10 |     5 ||    15
  Use: Potion            |     1 |     2 ||     3
 Stab: Sleeping          |     7 |     9 ||    16
       Distracted        |     1 |       ||     1
